 Dungeon Crawl Stone Soup version 0.27-a0-409-gd57800a693 (webtiles) character file.

Game seed: 847502979280313167

19896 Chiseanne the Fighter (level 12, -8/101 HPs)
             Began as a Demonspawn Wanderer on Feb 23, 2021.
             Was an Initiate of Gozag.
             Shot with an arrow by a centaur warrior (22 damage)
             ... on level 13 of the Dungeon.
             The game lasted 00:47:54 (15031 turns).

Chiseanne the Fighter (Demonspawn Wanderer)        Turns: 15031, Time: 00:47:54

Health: -8/101     AC: 14    Str: 14    XL:     12   Next: 40%
Magic:  12/12      EV: 14    Int: 15    God:    Gozag
Gold:   2096       SH: 11    Dex: 15    Spells: 11/11 levels left

rFire    + . .     SeeInvis +   a - +7 war axe (spect)
rCold    + . .     Faith    .   g - +0 kite shield {rF+}
rNeg     + . .     Spirit   .   K - +2 ring mail {rN+}
rPois    .         Reflect  .   (helmet restricted)
rElec    .         Harm     .   o - scarf {repulsion}
rCorr    .         Rampage  .   N - +1 pair of gloves
Will     .....                  B - +0 pair of boots
Stlth    +.........             r - amulet of magic regeneration
HPRegen  7.26/turn              i - ring of protection from cold
MPRegen  0.38/turn              L - ring of see invisible

@: gold aura, repel missiles
A: horns 1, rugged brown scales 2, demonic guardian 2, powered by death 2
a: Renounce Religion, Potion Petition, Call Merchant, Bribe Branch


You were on level 13 of the Dungeon.
You worshipped Gozag.
Gozag was most pleased with you.
You visited 2 branches of the dungeon, and saw 14 of its levels.
You also visited: Bailey.

You collected 3538 gold pieces.
You spent 735 gold pieces at shops.
You paid 707 gold pieces to Gozag.

Inventory:

Hand Weapons
 a - a +7 spectral war axe (weapon)
 e - a +6 short sword
 s - a +3 antimagic dagger
 w - a +2 hand crossbow
 M - a +2 dagger of venom
 Q - the +9 hunting sling of Tenacity {vorpal, rN+, unknown}
   (You found it in a bailey)

   Any stone fired from it inflicts extra damage.
   It protects you from negative energy.
 R - a +1 hand axe of flaming
Missiles
 b - 18 bolts
 d - 19 poisoned darts (quivered)
 f - 74 boomerangs
 v - 41 sling bullets
 y - 3 datura-tipped darts
 C - 7 curare-tipped darts
 G - 6 javelins
 H - 3 throwing nets
Armour
 g - a +0 kite shield of fire resistance (worn)
 o - a scarf of repulsion (worn)
 B - a +0 pair of boots (worn)
 K - a +2 ring mail of positive energy (worn)
 N - a +1 pair of gloves (worn)
Jewellery
 i - a ring of protection from cold (left hand)
 n - a +6 ring of strength
 p - a ring of flight
 q - a ring of resist corrosion
 r - an amulet of magic regeneration (around neck)
 L - a ring of see invisible (right hand)
Wands
 l - a wand of polymorph (3)
 D - a wand of mindburst (8)
 E - a wand of iceblast (3)
 O - a wand of acid (8)
Scrolls
 j - 3 scrolls of teleportation
 t - 2 scrolls of blinking
 x - 2 scrolls of amnesia
 I - a scroll of fear {unknown}
 S - a scroll of fog
Potions
 c - a potion of mutation {unknown}
 k - 3 potions of flight
 m - a potion of heal wounds
 u - 3 potions of resistance
 z - 6 potions of lignification
 A - a potion of magic
 F - 2 potions of curing
 J - a potion of ambrosia
Miscellaneous
 P - a condenser vane


   Skills:
 * Level 9.9 Fighting
 * Level 6.3 Axes
 - Level 1.7 Bows
 - Level 5.0 Crossbows
 - Level 1.0 Throwing
 * Level 8.9 Armour
 * Level 8.8 Dodging
 * Level 8.7 Shields


You had 11 spell levels left.
You didn't know any spells.
Your spell library contained the following spells:

 Spells                   Type           Power        Failure   Level
 Beastly Appendage        Tmut           0%           73%         1
 Foxfire                  Conj/Fire      0%           73%         1
 Magic Dart               Conj           0%           73%         1
 Summon Small Mammal      Summ           0%           73%         1
 Call Imp                 Summ           0%           86%         2
 Searing Ray              Conj           0%           86%         2
 Wereblood                Tmut           0%           86%         2
 Call Canine Familiar     Summ           0%           97%         3
 Conjure Flame            Conj/Fire      0%           97%         3
 Dazzling Flash           Conj/Hex       0%           97%         3
 Inner Flame              Hex/Fire       0%           97%         3
 Spider Form              Tmut/Pois      0%           97%         3
 Summon Guardian Golem    Hex/Summ       0%           97%         3
 Fulminant Prism          Conj/Hex       0%           100%        4
 Ice Form                 Ice/Tmut       0%           100%        4
 Iskenderun's Mystic Bla  Conj/Tloc      0%           100%        4
 Sticky Flame             Conj/Fire      0%           100%        4
 Summon Ice Beast         Ice/Summ       0%           100%        4
 Summon Lightning Spire   Summ/Air       0%           100%        4
 Blade Hands              Tmut           0%           100%        5
 Fireball                 Conj/Fire      0%           100%        5


Dungeon Overview and Level Annotations

Branches:
Dungeon (13/15)            Temple (1/1) D:4            Lair (0/6) D:8
    Orc (0/2) D:10         Vaults (0/5) D:13         Bailey (visited)

Altars:
Ashenzari
Cheibriados
Dithmenos
Elyvilon
Gozag
Hepliaklqana
Makhleb
Nemelex Xobeh
Okawaru
Qazlal
Uskayaw
Vehumet
Wu Jian
Xom
Yredelemnul
The Shining One
Beogh

Shops:
D:6 [   D:10 *

Annotations:
D:7 Joseph


Innate Abilities, Weirdness & Mutations

You have a pair of small horns on your head.
You are mostly covered in rugged brown scales. (AC +2, +5% HP)
A demonic guardian rushes to your aid.
You regenerate health from kills.


Message History

The human explodes!
The fiery explosion engulfs the human!!
Flame seeps out of the human.
The human is almost dead.
The fiery explosion engulfs the orc knight!!!
Flame seeps out of the orc knight.
The orc knight is severely wounded.
The fiery explosion engulfs the human!!!
The human explodes!
The fiery explosion engulfs the centaur warrior!
Flame seeps out of the centaur warrior.
The centaur warrior is moderately wounded.
The human explodes!
The fiery explosion engulfs the human!!
Flame seeps out of the human.
The human is severely wounded.
The fiery explosion engulfs the orc knight!!
The fiery explosion engulfs the human!!
The fiery explosion engulfs you! You resist.
The human explodes!
The fiery explosion engulfs the human!
Flame seeps out of the human.
The human is heavily wounded.
The fiery explosion engulfs the human!!
The human explodes!
The fiery explosion engulfs the human!! x2; Flame seeps out of the human.
The human is severely wounded.
The human explodes!
The fiery explosion engulfs the human!!
The human explodes!
The orc knight explodes!
The unseen horror explodes!
The fiery explosion engulfs you!! You resist.
* * * LOW HITPOINT WARNING * * *
The human explodes!
The fiery explosion engulfs you! You resist.
* * * LOW HITPOINT WARNING * * *
A demonic guardian appears!
You are engulfed in blazing flames.
You resist.
* * * LOW HITPOINT WARNING * * *
Your spectral weapon is engulfed in blazing flames.
The centaur warrior is engulfed in blazing flames.
Flame seeps out of the centaur warrior.
The centaur warrior shoots an arrow.
The arrow hits you!!
You die...
Your body crumbles into a pile of gold.

##..# $
######+#$...#
.$.....$..$$#
...$$.$.....###
....$$.§§§.$.$.
..$.$§§°§§.....
....§○○°3§§.$..
....§§§@○§§§#
...§§§○§(§§....
..."§○○§§.§.$..
..$.§§§§§$.....
....$.§c§.$..$.
##.............
#$..$...$$$...
+(.$.$#..$...$


You could see a centaur warrior (inner flame, ally target), a friendly smoke
demon (summoned) and a friendly +7 spectral war axe (summoned).

Vanquished Creatures
  Harold (D:7)
  2 two-headed ogres
  A centaur warrior (D:12)
  3 unseen horrors
  A deep elf pyromancer (D:12)
  2 orc knights
  A harpy (D:10)
  A manticore (D:12)
  An ugly thing (D:11)
  A gargoyle (D:11)
  2 centaur skeletons
  A komodo dragon (D:11)
  Prince Ribbit (D:7)
  4 slime creatures (D:12)
  2 hornets
  A vampire (D:11)
  3 wraiths
  19 yaks
  16 humans (D:13)
  A basilisk (D:11)
  Menkaure (D:7)
  Duvessa (D:7)
  2 sky beasts
  A necrophage (D:9)
  2 eyes of draining (D:12)
  4 ice beasts
  11 orc warriors
  A centaur (D:7)
  10 ogres
  A phantom (D:8)
  A kobold brigand (D:11)
  A lemure (D:4)
  6 bullfrogs
  Dowan (D:7)
  A wyvern skeleton (D:6)
  3 scorpions
  13 wights
  6 killer bees
  8 howler monkeys
  A crimson imp (D:4)
  12 hounds
  A quasit (D:11)
  7 jellies
  7 orc priests
  3 bullfrog skeletons (D:11)
  2 iguanas
  9 orc wizards
  7 worker ants
  A hound zombie (D:10)
  A hound skeleton (D:5)
  8 gnolls
  9 adders
  A shadow imp (D:9)
  3 white imps
  An ufetubus (D:6)
  An adder zombie (D:8)
  A worm (D:2)
  2 dart slugs (D:1)
  5 leopard geckos
  67 orcs
  4 bats
  5 giant cockroaches
  8 goblins
  8 hobgoblins
  2 jackals (D:4)
  5 quokkas
  A ball python (D:1)
  6 frilled lizards
  3 goblin skeletons (D:4)
  A goblin zombie (D:4)
  A hobgoblin zombie (D:4)
  A jackal skeleton (D:5)
  30 kobolds
  An orc zombie (D:4)
  2 rats
365 creatures vanquished.

Vanquished Creatures (collateral kills)
  A hydra (D:7)
  A centaur warrior (D:11)
  Pikel (D:5)
  A centaur zombie (D:10)
  6 slime creatures (D:12)
  Grinder (D:4)
  5 yaks (D:12)
  A wraith (D:11)
  3 ice beasts
  2 orc warriors
  An ogre (D:7)
  A lemure (D:4)
  A phantom (D:6)
  A scorpion (D:8)
  6 killer bees (D:8)
  A wight (D:8)
  A hound (D:7)
  A jelly (D:7)
  A worker ant (D:12)
  A worker ant zombie (D:7)
  2 gnolls (Bailey)
  6 orcs
  A goblin (Bailey)
  A kobold (Bailey)
47 creatures vanquished.

Grand Total: 412 creatures vanquished

Notes
Turn   | Place    | Note
-------+----------+-------------------------------------------
     0 | D:1      | Chiseanne the Demonspawn Wanderer began the quest for the
                  | Orb.
     0 | D:1      | Chiseanne set off with the following items: a +2 hand
                  | crossbow, 25 bolts, a scroll of teleportation, a +0
                  | shortbow, 24 arrows, a +0 robe
     0 | D:1      | Reached XP level 1. HP: 16/16 MP: 1/1
     6 | D:1      | Noticed a water moccasin
     6 | D:1      | Noticed a polar bear
     7 | D:1      | Noticed a wyvern
     7 | D:1      | Noticed a hog
   325 | D:1      | Gained mutation: You regenerate a little health from kills.
                  | [demonic ancestry]
   325 | D:1      | Reached XP level 2. HP: 22/22 MP: 2/2
   488 | D:1      | Reached skill level 1 in Dodging
   883 | D:1      | Gained mutation: A weak demonic guardian rushes to your
                  | aid. [demonic ancestry]
   883 | D:1      | Reached XP level 3. HP: 27/28 MP: 3/3
  1586 | D:2      | Gained mutation: You regenerate health from kills. [demonic
                  | ancestry]
  1586 | D:2      | Reached XP level 4. HP: 34/34 MP: 4/4
  1835 | D:2      | Reached skill level 3 in Fighting
  2384 | D:3      | Found a broken altar of Ashenzari.
  2536 | D:3      | Gained mutation: A demonic guardian rushes to your aid.
                  | [demonic ancestry]
  2536 | D:3      | Reached XP level 5. HP: 41/41 MP: 5/5
  3102 | D:4      | Noticed Grinder
  3115 | D:4      | Killed Grinder
  3116 | D:4      | Reached XP level 6. HP: 24/48 MP: 5/6
  3124 | D:4      | Found a staircase to the Ecumenical Temple.
  3134 | Temple   | Entered the Ecumenical Temple
  3139 | Temple   | Became a worshipper of Gozag Ym Sagoz the Greedy
  3273 | D:4      | Found a shimmering altar of Xom.
  3273 | D:4      | Found a burning altar of Makhleb.
  3727 | D:4      | Reached skill level 4 in Fighting
  3863 | D:4      | Found a glowing golden altar of the Shining One.
  4019 | D:4      | Reached XP level 7. HP: 46/54 MP: 7/7
  4423 | D:5      | Entered Level 5 of the Dungeon
  4423 | D:5      | Noticed Pikel
  4753 | D:5      | Killed Pikel
  5089 | D:5      | Gained mutation: You are partially covered in rugged brown
                  | scales. (AC +1, +3% HP) [demonic ancestry]
  5089 | D:5      | Reached XP level 8. HP: 11/62 MP: 8/8
  5508 | D:5      | Found a radiant altar of Vehumet.
  5758 | D:5      | Reached skill level 5 in Fighting
  5771 | D:5      | Found a sparkling altar of Nemelex Xobeh.
  5771 | D:5      | Found a basalt altar of Yredelemnul.
  5771 | D:5      | Found an iron altar of Okawaru.
  6108 | D:6      | Found Inisukic's Armour Shop.
  6113 | D:6      | Bought a +0 kite shield of fire resistance for 172 gold
                  | pieces
  6113 | D:6      | Bought a +2 helmet for 247 gold pieces
  7027 | D:7      | Found an ornate altar of the Wu Jian Council.
  7038 | D:7      | Noticed Prince Ribbit
  7061 | D:7      | Noticed Menkaure
  7065 | D:7      | Noticed an eight-headed hydra
  7135 | D:7      | Noticed Dowan
  7139 | D:7      | Noticed Duvessa
  7160 | D:7      | Noticed Joseph
  7161 | D:7      | Killed Duvessa
  7162 | D:7      | Reached skill level 5 in Crossbows
  7165 | D:7      | Killed Dowan
  7172 | D:7      | Found a shadowy altar of Dithmenos.
  7395 | D:7      | Killed Prince Ribbit
  7396 | D:7      | Reached skill level 5 in Armour
  7396 | D:7      | Gained mutation: You have a pair of small horns on your
                  | head. [demonic ancestry]
  7396 | D:7      | Reached XP level 9. HP: 56/71 MP: 9/9
  7495 | D:8      | Reached skill level 6 in Fighting
  7495 | D:8      | Reached skill level 5 in Dodging
  7503 | D:8      | Reached skill level 5 in Shields
  7782 | D:8      | Found a staircase to the Lair.
  8437 | D:8      | Found a roughly hewn altar of Beogh.
  8738 | D:7      | Killed an eight-headed hydra
  8739 | D:7      | Reached skill level 7 in Fighting
  8741 | D:7      | Killed Menkaure
  9025 | D:7      | Reached skill level 1 in Axes
  9074 | D:7      | Found a white marble altar of Elyvilon.
  9131 | D:7      | Noticed Harold
  9153 | D:7      | Killed Harold
  9154 | D:7      | Reached XP level 10. HP: 72/81 MP: 10/10
  9286 | D:7      | You fall into a shaft and drop 1 floor!
  9817 | D:9      | Found a snail-covered altar of Cheibriados.
 10669 | D:10     | Entered Level 10 of the Dungeon
 11109 | D:10     | Noticed a two-headed ogre
 11116 | D:10     | Killed a two-headed ogre
 11304 | D:10     | Found a staircase to the Orcish Mines.
 11318 | D:10     | Reached skill level 8 in Fighting
 11361 | D:10     | Noticed Sonja
 11362 | D:10     | Noticed Sonja
 11362 | D:10     | Sonja changed into Sonja the harpy
 11366 | D:10     | Killed Sonja the harpy
 11615 | D:10     | Gained mutation: You are mostly covered in rugged brown
                  | scales. (AC +2, +5% HP) [demonic ancestry]
 11615 | D:10     | Reached XP level 11. HP: 77/90 MP: 11/11
 11799 | D:11     | Noticed a centaur warrior
 11816 | D:11     | Killed a centaur warrior
 12272 | D:10     | Bought a coppery potion for 32 gold pieces
 12272 | D:10     | Bought a sedimented black potion for 32 gold pieces
 12272 | D:10     | Bought a scroll labelled MOCIWK HOLOU for 36 gold pieces
 12275 | D:10     | Bought a blackened copper wand for 144 gold pieces
 12275 | D:10     | Bought a scroll of identify for 72 gold pieces
 12852 | D:11     | Noticed a white ugly thing
 12864 | D:11     | Killed a white ugly thing
 13395 | D:12     | Found a frozen archway.
 13395 | D:12     | Noticed a deep elf pyromancer
 13516 | D:12     | Reached skill level 9 in Fighting
 13516 | D:12     | Reached skill level 5 in Axes
 13589 | D:12     | Found a flagged portal.
 13596 | Bailey   | Entered a bailey
 13603 | Bailey   | Noticed an orc knight
 13747 | Bailey   | Killed an orc knight
 13932 | Bailey   | Got a brightly glowing hunting sling
 14294 | D:12     | Reached XP level 12. HP: 100/100 MP: 12/12
 14339 | D:12     | Noticed a centaur warrior
 14348 | D:12     | Killed a centaur warrior
 14359 | D:12     | Found a glowing golden altar of the Shining One.
 15028 | D:13     | Found a gate to the Vaults.
 15028 | D:13     | Noticed a two-headed ogre
 15028 | D:13     | Noticed a centaur warrior
 15031 | D:13     | Killed a two-headed ogre
 15031 | D:13     | HP: 5/101 [cloud of flame (9)]
 15031 | D:13     | Shot with an arrow by a centaur warrior

Illustrated notes

Levels and vault maps discovered:
D:1:      onia_arrival_zoo_common, layout_loops_ring
D:2:      layout_basic, serial_bayou, serial_bayou_pond_e,
          serial_bayou_lagoon_a, serial_bayou_pond_e, serial_bayou_pond_a
D:3:      layout_basic, evilmike_ruin_ashenzari
D:4:      layout_basic, grunt_temple_overflow_champion_of_chaos,
          nicolae_tso_besieged_by_evil, temple_fountains, uniq_grinder
D:5:      layout_loops_ring, kennysheep_mini, gammafunk_temple_overflow_claw,
          uniq_pikel
D:6:      layout_basic, serial_shops, shop
D:7:      layout_basic, kennysheep_little_box, old_standard_altar,
          lemuel_doored_altar, uniq_harold, uniq_duvessa, uniq_prince_ribbit1,
          uniq_joseph, uniq_menkaure
D:8:      layout_loops_ring, lair_entry_dummy, special_room [special_room_orc]
D:9:      layout_stronghold, cheibriados_altar_1
D:10:     layout_grid_maze, orc_0_dummy, corexii_leaking_fountain, uniq_sonja
D:11:     layout_roguey
D:12:     layout_small_grid, basic_altar, special_room [special_room_orc],
          portal_ice_cave_entry_pillars_1, enter_bailey_2,
          chequers_serial_rivers_micro_c
D:13:     layout_irregular_city, david_vaults_3
Temple:   compressed_dpeg_circular_temple

Skill      XL: |  1  2  3  4  5  6  7  8  9 10 11 12 |
---------------+-------------------------------------+-----
Crossbows      | 2 3 4 5 |  5.0
Dodging        | 1 2 3 4 6 7 8 |  8.8
Armour         | 2 3 4 5 6 7 8 |  8.9
Fighting       | 3 4 5 7 8 9 |  9.9
Shields        | 2 3 4 6 7 8 |  8.7
Axes           | 1 3 5 6 |  6.3
Bows           | |  1.7
Throwing       | |  1.0

Action                   |  1- 3 |  4- 6 |  7- 9 | 10-12 || total
-------------------------+-------+-------+-------+-------++-------
Melee: Mace              |    29 |    28 |   153 |       ||   210
       Dagger            |       |    54 |   140 |    74 ||   268
       Hand crossbow     |       |     1 |       |       ||     1
       Whip              |       |       |    20 |       ||    20
       Unarmed           |       |       |     2 |       ||     2
       Hand axe          |       |       |    66 |       ||    66
       Headbutt          |       |       |    33 |   102 ||   135
       Short sword       |       |       |    31 |       ||    31
       War axe           |       |       |    15 |   435 ||   450
 Fire: Hand crossbow     |    74 |    85 |    96 |   104 ||   359
Throw: Dart              |       |       |     7 |    21 ||    28
       Throwing net      |       |       |     1 |       ||     1
       Boomerang         |       |       |     2 |     1 ||     3
Invok: Call Merchant     |       |       |       |     1 ||     1
Evoke: Wand              |       |       |       |     4 ||     4
  Use: Scroll            |     6 |     4 |    12 |     7 ||    29
       Potion            |       |       |     9 |     6 ||    15
 Stab: Distracted        |       |       |       |     7 ||     7
Armor: Robe              |     3 |       |       |       ||     3
       Ring mail         |    31 |    28 |   194 |   181 ||   434
Dodge: Dodged            |    47 |    47 |   233 |   298 ||   625
       Repelled          |     1 |       |     1 |     3 ||     5
Block: Buckler           |       |    15 |    21 |       ||    36
       Kite shield       |       |       |   174 |   291 ||   465

Table legend: (Time is in decaauts)
 A = Elapsed time spent in this place.
 B = Non-inter-level travel time spent in this place.
 C = Inter-level travel time spent in this place.
 D = Time resting spent in this place.
 E = Time spent auto-exploring this place.
 F = Levels seen in this place.
 G = Mean time per level.
                   A        B        C        D        E       F      G
               +--------+--------+--------+--------+--------+-----+--------+
         Total |  15544 |  15062 |    482 |   2515 |   8533 |  15 | 1036.3 |
       Dungeon |  15087 |  14610 |    477 |   2512 |   8371 |  13 | 1160.5 |
        Temple |     10 |      5 |      5 |      0 |      0 |   1 |   10.0 |
        Bailey |    446 |    446 |      0 |      3 |    161 |   1 |  446.0 |
               +--------+--------+--------+--------+--------+-----+--------+

Top non-repeatable levels by time:
    D:11: 1733 daAuts
     D:4: 1531 daAuts
     D:8: 1529 daAuts
     D:5: 1335 daAuts
     D:7: 1315 daAuts
    D:10: 1221 daAuts
    D:12: 1189 daAuts
     D:6: 1165 daAuts
     D:1: 1078 daAuts
     D:3: 1072 daAuts
     D:2: 983 daAuts
     D:9: 928 daAuts
  Bailey: 446 daAuts
  Temple: 10 daAuts
    D:13: 3 daAuts
